 Dungeon Crawl Stone Soup version 0.24.0-13-gcf9b3192b9 (webtiles) character file.

Game seed: 10297380381691608489, levelgen mode: deterministic

357 Monsterracer the Poker (level 6, -2/43 HPs)
             Began as an Octopode Warper on Nov 6, 2019.
             Was an Initiate of Ru.
             Killed from afar by a white imp (9 damage)
             ... with a puff of frost
             ... summoned by Eustachio
             ... on level 4 of the Dungeon.
             The game lasted 00:02:37 (4239 turns).

Monsterracer the Poker (Octopode Warper)            Turns: 4239, Time: 00:02:38

Health: -2/43      AC:  1    Str: 11    XL:     6   Next: 64%
Magic:  9/9        EV:  9    Int: 17    God:    Ru [......]
Gold:   184        SH: 13    Dex: 11    Spells: 9/9 levels left

rFire    . . .     SeeInvis .   a - +0 trident
rCold    . . .     Gourm    .   i - +2 large shield
rNeg     . . .     Faith    +   (helmet restricted)
rPois    .         Spirit   .   j - amulet of faith
rElec    .         Reflect  .   (no ring)
rCorr    .         Harm     .   (no ring)
MR       .....                  (no ring)
Stlth    +++.......             (no ring)
HPRegen  0.14/turn              (no ring)
MPRegen  0.11/turn              (no ring)
                                (no ring)
                                (no ring)

@: no status effects
A: almost no armour, stealthy swim, amphibious, 8 rings, constrict 8, camouflage
1, gelatinous body 1
a: Renounce Religion


You were on level 4 of the Dungeon.
You worshipped Ru.
Ru was noncommittal.
You were hungry.

You visited 1 branch of the dungeon, and saw 4 of its levels.

You collected 184 gold pieces.

Inventory:

Hand Weapons
 a - a +0 trident (weapon)
   (You took it off an orc on level 3 of the Dungeon)
Missiles
 d - 5 boomerangs of dispersal (quivered)
 g - a throwing net {!f}
Armour
 i - a +2 large shield (worn)
   (You found it on level 1 of the Dungeon)
Jewellery
 j - an amulet of faith (around mantle)
   (You found it on level 1 of the Dungeon)
 r - an uncursed ring of positive energy {unknown}
   (You found it on level 3 of the Dungeon)
Scrolls
 h - 3 scrolls of remove curse {unknown}
 p - a scroll of enchant weapon {unknown}
 q - 4 scrolls of immolation {unknown}
 X - 2 scrolls of blinking
Potions
 b - a potion of flight {unknown}
 e - 3 potions of curing
 f - a potion of resistance {unknown}
 k - a potion of lignification {unknown}
 l - a potion of haste {unknown}
 m - a potion of might
 n - a potion of degeneration {unknown}
 o - a potion of brilliance {unknown}
Comestibles
 c - 5 rations


   Skills:
 + Level 3.7 Fighting
 * Level 4.9 Polearms
 - Level 1.0 Throwing
 - Level 2.3 Dodging
 + Level 2.1 Stealth
 + Level 2.6 Shields
 - Level 2.0 Spellcasting
   Level 3.0 Translocations


You had 9 spell levels left.
You didn't know any spells.
Your spell library contained the following spells:

 Spells                   Type           Power        Failure   Level  Hunger
 Blink                    Tloc           N/A          83%         2    ###....
 Shroud of Golubria       Chrm/Tloc      #.....       96%         2    ###....
 Gell's Gravitas          Tloc           ##........   97%         3    ###....
 Lesser Beckoning         Tloc           ##........   97%         3    ###....
 Teleport Other           Tloc           ##......     97%         3    ###....
 Passage of Golubria      Tloc           N/A          100%        4    #####..


Dungeon Overview and Level Annotations

Branches:
Dungeon (4/15)
 Temple: D:4-7

Altars:
Ru
Sif Muna

Annotations:
D:4 Eustachio


Innate Abilities, Weirdness & Mutations

You cannot wear most types of armour.
You are very stealthy in the water. (Stealth+)
You are amphibious.
You can wear up to eight rings at the same time.
You can use your tentacles to constrict eight enemies at once.
Your skin changes colour to match your surroundings (Stealth+).
Your rubbery body absorbs attacks. (AC +1, EV +1)


Message History

The adder is heavily wounded.
You block the adder's attack.
An adder is nearby!
You closely miss the adder. You grab the adder. You squeeze the adder.
You kill the adder!
You see here an adder corpse.
You see here an adder corpse.
You open the large door.
Found a hunting sling.
No target in view!
There is a large open door here.
You now have 184 gold pieces (gained 10).
You open the large door.
Found a knobbly glowing staff.
No target in view!
There is a large open door here.
A worker ant comes into view.
The worker ant moves out of view.
Found a scroll labeled ROGHIE TO VEFI and 17 gold pieces.
c - 5 rations (gained 1) No target in view!
No target in view!
The worker ant is too close now for your liking.
A quokka comes into view.
A gnoll comes into view. It is wielding a +0 club.
There are monsters nearby!
A gnoll comes into view. It is wielding a +0 club.
The gnoll shouts!
A gnoll comes into view. It is wielding a +0 whip.
A gnoll comes into view. It is wielding a +0 spear.
Attack whom?
Press: ? - help, Dir - move target cursor, f - gnoll
Aim: a gnoll, wielding a +0 club (hasn't noticed you)
You reach to attack!
You closely miss the gnoll.
The gnoll shouts! x3
You hit the gnoll. You grab the gnoll.
The gnoll is moderately wounded.
You constrict the gnoll. The gnoll hits you with a +0 club.
Eustachio the Magnificent comes into view.
He is wielding a +0 falchion.
You are feeling hungry.
You hit the gnoll.
You squeeze the gnoll, but do no damage.
The gnoll is heavily wounded.
You constrict the gnoll.
The gnoll struggles to escape constriction.
Eustachio casts a spell.
The gnoll hits you with a +0 club.
You hit the gnoll.
The gnoll is severely wounded.
You constrict the gnoll. You block the gnoll's attack.
The gnoll hits you with a +0 club.
Your shield prevents you from hitting the gnoll.
You grab the gnoll. You constrict the gnoll. x2
You block the quokka's attack. The gnoll closely misses you.
You block the gnoll's attack. The gnoll hits you with a +0 whip!
* * * LOW HITPOINT WARNING * * *
The quokka bites you.
* * * LOW HITPOINT WARNING * * *
You release your grip on the gnoll. x2
You block the gnoll's attack.
Eustachio gestures wildly while chanting.
Eustachio blinks!
The gnoll hits you with a +0 spear.
* * * LOW HITPOINT WARNING * * *
Eustachio casts a spell.
Eustachio blinks!
The quokka bites you.
* * * LOW HITPOINT WARNING * * *
There is a large open door, spattered with blood here.
The gnoll closely misses you.
Eustachio gestures wildly while chanting.
Eustachio blinks!
The white imp gestures at you. You block the puff of frost.
You block the quokka's attack.
Eustachio gestures wildly while chanting.
Eustachio blinks!
Eustachio casts a spell.
Eustachio blinks!
The quokka completely misses you.
Eustachio gestures wildly while chanting.
The quokka bites you.
* * * LOW HITPOINT WARNING * * *
You block the gnoll's attack.
The quokka twitches its whiskers.
Eustachio casts a spell.
Eustachio blinks!
The white imp gestures at you. The puff of frost hits you!
* * * LOW HITPOINT WARNING * * *
Okay, then.
You feel better.
The ufetubus disappears in a puff of smoke!
You block the gnoll's attack. The quokka completely misses you.
You block the white imp's attack.
Okay, then.
The quokka bites you.
* * * LOW HITPOINT WARNING * * *
The white imp gestures at you. The puff of frost hits you!
You die...

#######.###.################
#.........†.................
#.............######''#####
#.......###.#.# ♣♣♣).♣♣♣
####...## #.#.# ♣♣......♣♣
##.######..##♣♣........♣♣
#..# #...##♣♣..........♣♣
#.## #.###♣♣............♣♣
####.#######
♣♣.@5.♣♣♣♣♣♣....♣♣
.........####♣.gr@♣♣ ♣♣....♣
.........##.#♣.gg.♣ ♣....♣
............#♣....♣ ♣....♣
.........####♣...g♣ ♣....♣
.........# ♣....♣ ♣....♣
########## ♣....♣♣ ♣♣....♣
♣♣....♣♣♣♣♣♣....♣♣
♣♣............♣♣


You could see Eustachio, 4 gnolls, a white imp and a quokka.

Vanquished Creatures
  2 scorpions (D:3 D:4)
  A hound (D:2)
  An orc wizard (D:2)
  2 orc priests (D:3)
  A worker ant zombie (D:2)
  4 adders (D:2 D:4)
  An ooze (D:3)
  2 adder zombies (D:2)
  A worm (D:3)
  A dart slug (D:2)
  A leopard gecko (D:1)
  12 orcs (D:2 D:3)
  7 bats (D:1 D:2 D:3)
  2 bat skeletons (D:2)
  2 bat zombies (D:2)
  3 giant cockroaches (D:1 D:2)
  5 goblins (D:1 D:2)
  4 hobgoblins (D:1 D:2 D:3)
  3 jackals (D:1)
  6 kobolds (D:1 D:2 D:3)
  A quokka (D:2)
  5 frilled lizards (D:1 D:2 D:3)
  2 giant cockroach zombies (D:2)
  6 rats (D:1 D:2 D:3)
75 creatures vanquished.

Notes
Turn   | Place    | Note
-------+----------+-------------------------------------------
     0 | D:1      | Monsterracer the Octopode Warper began the quest for the
                  | Orb.
     0 | D:1      | Reached XP level 1. HP: 14/14 MP: 3/3
   301 | D:1      | Reached XP level 2. HP: 16/19 MP: 5/5
  1033 | D:2      | Reached XP level 3. HP: 20/25 MP: 6/6
  1038 | D:2      | Reached skill level 3 in Polearms
  1158 | D:2      | HP: 11/25 [hound (5)]
  1159 | D:2      | Reached skill level 1 in Shields
  1159 | D:2      | Reached XP level 4. HP: 14/30 MP: 7/7
  2105 | D:2      | Reached XP level 5. HP: 36/36 MP: 8/8
  2119 | D:2      | Reached skill level 4 in Polearms
  2123 | D:2      | HP: 17/36 [rat (2)]
  2129 | D:2      | HP: 16/36 [poisoned by an adder]
  2387 | D:3      | HP: 14/36 [orc priest/divine providence (13)]
  2934 | D:3      | HP: 11/36 [orc priest/divine providence (13)]
  2937 | D:3      | HP: 1/36 [orc priest/nerve-wracking pain (10)]
  2938 | D:3      | Reached skill level 1 in Stealth
  2938 | D:3      | Reached XP level 6. HP: 2/42 MP: 9/9
  3352 | D:3      | Found a shimmering blue altar of Sif Muna.
  3917 | D:3      | Found a sacrificial altar of Ru.
  4013 | D:3      | Became a worshipper of Ru the Awakened
  4215 | D:4      | Noticed Eustachio
  4218 | D:4      | HP: 21/43 [gnoll/+0 whip (12)]
  4223 | D:4      | HP: 16/43 [gnoll/+0 spear (4)]
  4236 | D:4      | HP: 12/43 [quokka (1)]
  4237 | D:4      | HP: 1/43 [white imp/puff of frost[Eustachio] (11)]
  4239 | D:4      | Killed from afar by a white imp

Levels and vault maps discovered:
D:1:      matt_arrival_grand_opening, layout_loops_ring
D:2:      layout_basic, serial_undead, serial_undead_f, serial_undead_d,
          serial_undead_f, serial_undead_c, serial_undead_b, serial_undead_f,
          serial_undead_c, serial_undead_c, serial_undead_f, serial_undead_b,
          grunt_decor_clamped, minmay_pentomino_s2
D:3:      layout_basic, old_standard_altar, lemuel_blue_sif_altar
D:4:      layout_rooms, kennysheep_slug_shrine, marbit_many_paths,
          kennysheep_big_empty_room, hangedman_decor_riveting, uniq_eustachio

Skill      XL: |  1  2  3  4  5  6 |
---------------+-------------------+-----
Polearms       | 3 4 |  4.9
Shields        | 1 2 |  2.6
Fighting       | 3 |  3.7
Stealth        | 1 2 |  2.1
Throwing       | |  1.0
Dodging        | |  2.3
Spellcasting   | |  2.0
Translocations | |  3.0

Action                   |  1- 3 |  4- 6 || total
-------------------------+-------+-------++-------
Melee: Spear             |    58 |   120 ||   178
       Constrict         |    14 |    38 ||    52
       Tentacles         |     4 |    26 ||    30
       Trident           |       |    51 ||    51
  Use: Potion            |       |     1 ||     1
 Stab: Sleeping          |     5 |    16 ||    21
       Distracted        |       |     1 ||     1
  Eat: Chunk             |     1 |     9 ||    10
Armor: Skin              |     7 |     6 ||    13
Dodge: Dodged            |    20 |    25 ||    45
Block: Large shield      |    28 |    81 ||   109
